Map: Rovine di Endion

Players

Space

  • Race: Protoss Protoss
  • League: Master

LaWeedaLoca - Winner!

  • Race: Terran Terran
  • League: Master

VOD

Have the link to the VOD?

Description

Time

  • Played on: April 21, 2016, 4:15 p.m.
  • Length: 11:16
Show
View Real Time Build Order
Export as new Build Order

Space Protoss 

Build Orders: 1 Gate Expand, Oracle Opening 

Get SALT Encoding   

  12  0:01  Probe (Chrono Boost)  
  13  0:11  Probe (Chrono Boost)  
  14  0:18  Pylon  
  14  0:23  Probe (Chrono Boost)  
  15  0:36  Probe (Chrono Boost), Gateway  
  16  0:47  Probe (Chrono Boost)  
  16  0:48  Assimilator  
  17  0:57  Probe (Chrono Boost)  
  18  1:08  Probe (Chrono Boost)  
  19  1:20  Nexus  
  19  1:34  Cybernetics Core, Probe (Chrono Boost)  
  20  1:42  Assimilator  
  20  1:44  Probe (Chrono Boost)  
  21  1:52  Pylon  
  21  1:55  Probe (Chrono Boost)  
  22  2:05  Probe (Chrono Boost)  
  23  2:10  Adept (Chrono Boost)  
  23  2:11  Warp Gate  
  25  2:17  Mothership Core  
  27  2:34  Adept (Chrono Boost)  
  29  2:38  Probe x2 (Chrono Boost)  
  31  2:50  Probe x2 (Chrono Boost)  
  33  2:51  Stargate  
  33  3:01  Probe x2 (Chrono Boost)  
  33  3:03  Adept  
  37  3:11  Probe x2 (Chrono Boost)  
  39  3:16  Pylon  
  39  3:22  Probe x2 (Chrono Boost)  
  41  3:31  Probe (Chrono Boost)  
  41  3:32  Probe (Chrono Boost), Pylon  
  43  3:34  Oracle (Chrono Boost)  
  43  3:41  Probe  
  46  3:44  Probe  
  48  3:51  Probe  
  49  3:56  Probe  
  49  4:02  Probe (Chrono Boost)  
  50  4:08  Probe (Chrono Boost)  
  52  4:12  Gateway  
  52  4:14  Probe (Chrono Boost), Gateway  
  52  4:15  Assimilator x2  
  53  4:19  Probe (Chrono Boost)  
  53  4:23  Phoenix  
  56  4:25  Probe (Chrono Boost)  
  56  4:30  Probe (Chrono Boost), Twilight Council  
  55  4:38  Nexus  
  55  4:43  Pylon  
  55  4:45  Probe (Chrono Boost)  
  56  4:53  Phoenix (Chrono Boost)  
  58  5:10  Probe  
  58  5:11  Probe  
  58  5:13  Pylon x2, Adept x3  
  66  5:16  Phoenix (Chrono Boost)  
  66  5:17  Resonating Glaives (Chrono Boost)  
  66  5:21  Probe  
  68  5:23  Probe  
  70  5:33  Probe  
  70  5:35  Phoenix  
  71  5:36  Probe, Robotics Facility  
  74  5:45  Probe  
  74  5:48  Probe  
  64  5:53  Probe  
  65  5:57  Phoenix, Probe  
  65  6:00  Probe  
  65  6:04  Probe  
  61  6:09  Probe  
  59  6:12  Probe  
  59  6:14  Probe  
  58  6:21  Phoenix  
  58  6:22  Probe (Chrono Boost)  
  58  6:24  Probe (Chrono Boost)  
  58  6:25  Observer  
  61  6:35  Probe (Chrono Boost)  
  61  6:37  Assimilator, Forge, Probe (Chrono Boost)  
  61  6:38  Probe (Chrono Boost)  
  61  6:39  Assimilator  
  64  6:44  Adept  
  64  6:45  Adept  
  64  6:46  Phoenix, Probe (Chrono Boost), Adept  
  72  6:48  Probe (Chrono Boost)  
  72  6:49  Probe (Chrono Boost)  
  74  6:56  Probe  
  74  6:58  Immortal  
  74  6:59  Probe  
  80  7:11  Adept x3  
  78  7:33  Adept x3  
  56  7:48  Gateway  
  56  7:49  Phoenix  
  56  7:50  Gateway  
  57  8:04  Probe x2  
  59  8:12  Protoss Ground Armor Level 1 (Chrono Boost)  
  57  8:13  Immortal  
  57  8:14  Phoenix  
  57  8:17  Blink  
  57  8:19  Mothership Core  
  65  8:22  Nexus  
  65  8:26  Probe  
  66  8:38  Adept  
  66  8:39  Adept x2  
  72  8:47  Phoenix  
  74  8:55  Stalker x2  
  78  9:01  Pylon  
  78  9:08  Probe x2  
  78  9:19  Phoenix  
  78  9:20  Probe  
  78  9:22  Adept x3  
  86  9:28  Pylon  
  86  9:30  Pylon  
  75  9:44  Phoenix  
  76  9:52  Nexus  
  74  9:53  Stalker x2  
  74  9:54  Stalker x2  
  74  9:56  Sentry  
  84  10:04  Probe  
  85  10:08  Probe  
  86  10:16  Probe  
  86  10:17  Phoenix (Chrono Boost)  
  89  10:25  Sentry x3, Pylon  
  95  10:29  Probe x2  
  97  10:41  Probe x2  
  99  10:46  Adept x2  
  103  10:51  Adept  
  103  10:52  Adept  
  92  11:08  Adept x3  
Show
View Real Time Build Order
Export as new Build Order

LaWeedaLoca Terran - Winner!

Build Orders: Reaper Expand, MMM Bio 

Get SALT Encoding   

  12  0:00  SCV  
  13  0:13  SCV  
  14  0:18  Supply Depot  
  14  0:25  SCV  
  15  0:39  SCV  
  15  0:40  Barracks  
  16  0:44  Refinery  
  16  0:51  SCV  
  17  1:03  SCV  
  18  1:15  SCV  
  19  1:28  Orbital Command  
  19  1:29  Reaper  
  20  1:42  Command Center  
  20  1:53  Supply Depot  
  20  1:55  SCV  
  21  2:01  Barracks Reactor  
  21  2:07  SCV  
  22  2:12  Barracks  
  22  2:20  SCV  
  23  2:32  SCV  
  24  2:39  Marine x2  
  24  2:40  Refinery, Factory  
  24  2:44  SCV  
  27  2:54  Orbital Command  
  27  2:58  SCV  
  28  2:59  Marine x2  
  28  3:00  Barracks Tech Lab  
  30  3:10  SCV  
  31  3:22  SCV x2  
  31  3:24  Marine x3  
  31  3:25  Widow Mine  
  38  3:31  Stimpack  
  38  3:34  SCV x2  
  38  3:37  Supply Depot  
  40  3:42  Starport  
  40  3:46  SCV x2  
  42  3:52  Supply Depot  
  42  3:58  SCV  
  43  4:05  SCV  
  43  4:08  Marine x3  
  46  4:12  SCV, Engineering Bay  
  46  4:13  Supply Depot  
  46  4:17  Widow Mine  
  47  4:20  Medivac  
  51  4:26  Marine x3  
  51  4:28  Bunker  
  51  4:40  Supply Depot  
  51  4:41  SCV x2  
  53  4:47  Missile Turret, Factory Reactor  
  52  4:53  SCV x2  
  52  4:57  Missile Turret  
  52  4:58  Marine  
  52  4:59  Marine x2  
  57  5:05  SCV  
  57  5:06  Supply Depot  
  58  5:07  SCV  
  59  5:16  Terran Infantry Weapons Level 1, Marine  
  59  5:17  Marauder  
  59  5:18  Marine, SCV, Supply Depot  
  59  5:19  SCV  
  68  5:30  SCV  
  68  5:31  Barracks  
  68  5:34  Marine, SCV  
  71  5:36  Marine  
  71  5:38  Marine  
  71  5:42  SCV  
  72  5:52  Marine  
  72  5:54  Marine, Combat Shields  
  72  5:56  Marauder  
  69  6:03  SCV  
  69  6:04  SCV  
  67  6:10  Marine  
  67  6:11  Marine  
  67  6:12  Factory Tech Lab, Medivac  
  67  6:16  SCV x2  
  67  6:18  Marauder  
  74  6:27  Marine  
  74  6:28  SCV  
  74  6:29  Marine, Medivac  
  74  6:30  SCV  
  80  6:38  Marine  
  81  6:40  Barracks  
  81  6:43  Command Center  
  81  6:45  Factory Reactor, Marine  
  82  6:47  Marine  
  82  6:49  Concussive Shells, Marine  
  83  6:57  Marauder  
  85  7:02  Refinery  
  85  7:03  Marine  
  85  7:05  Marine  
  85  7:07  Refinery  
  85  7:08  Marauder  
  85  7:17  SCV x2  
  85  7:18  Marauder  
  85  7:21  Marine  
  90  7:23  Marine  
  90  7:29  SCV x2  
  93  7:30  Marine  
  93  7:31  Marine  
  90  7:39  Marine  
  90  7:40  Marauder  
  90  7:42  SCV  
  94  7:47  Terran Infantry Armor Level 1, Supply Depot  
  94  7:50  SCV  
  94  7:51  Widow Mine  
  94  7:52  Widow Mine  
  94  7:53  Medivac x2, Supply Depot, Barracks x2  
  94  7:54  SCV  
  94  7:55  Supply Depot  
  93  8:02  SCV  
  93  8:06  SCV  
  94  8:14  SCV  
  94  8:16  Orbital Command  
  94  8:18  Missile Turret, SCV  
  94  8:19  Marauder x2, Marine x2  
  103  8:22  Widow Mine, Barracks Reactor  
  103  8:26  SCV  
  105  8:30  SCV  
  106  8:35  Supply Depot, Medivac  
  106  8:36  Marine x2, Supply Depot  
  106  8:38  Supply Depot  
  106  8:41  Marauder x2  
  114  8:44  Supply Depot  
  114  8:45  Barracks Tech Lab  
  114  8:46  Barracks Reactor  
  114  8:47  Supply Depot  
  114  8:54  Marine x2  
  116  9:02  Marine, SCV x2  
  118  9:03  Marauder  
  118  9:08  SCV  
  118  9:09  Marauder, Marine x2  
  126  9:12  Marine  
  126  9:14  SCV  
  128  9:17  Marine, SCV  
  128  9:20  SCV  
  128  9:22  Refinery  
  128  9:23  Refinery  
  131  9:24  Marauder  
  131  9:27  Marauder  
  131  9:31  Marauder  
  136  9:35  Marine, SCV  
  136  9:36  Marine, Barracks  
  128  9:38  Barracks  
  128  9:41  Marine, SCV x2  
  131  9:46  Marauder  
  131  9:49  Marauder  
  135  9:54  Marauder, Marine x4  
  135  9:55  Widow Mine x2  
  135  9:58  Ghost Academy  
  145  10:01  Armory  
  145  10:04  Engineering Bay  
  145  10:05  Missile Turret x2  
  145  10:07  Marauder  
  145  10:10  Marauder  
  145  10:11  Missile Turret  
  147  10:14  Medivac x2  
  151  10:26  Barracks Tech Lab  
  151  10:27  Barracks Tech Lab  
  151  10:29  Ghost  
  153  10:37  Command Center  
  153  10:38  Marine x5  
  153  10:39  Marauder  
Tags
 
Add a new tag
Caveats
  • Supply blocks, unpowered buildings, or Contaminate may cause inaccurate times.
  • Supply counts are checked every 10 seconds.